 Dungeon Crawl Stone Soup version 0.29.0-15-g675c0067aa (webtiles) character file.

Game seed: 14878128031475052372

8 qw the Sneak (level 2, -3/19 HPs)
             Began as a Gargoyle Delver on Sept 11, 2022.
             Killed from afar by an orc wizard (8 damage)
             ... with a magic dart
             ... on level 4 of the Dungeon.
             The game lasted 00:00:08 (260 turns).

qw the Sneak (Gargoyle Delver)                       Turns: 260, Time: 00:00:09

Health: -3/19      AC:  5    Str: 15    XL:     2   Next: 8%
Magic:  2/2        EV: 11    Int: 10    God:
Gold:   21         SH:  0    Dex: 11    Spells: 1/1 levels left

rFire   . . .      SeeInvis .   a - +0 hand axe
rCold   . . .      Faith    .   (no shield)
rNeg    + . .      Spirit   .   b - +0 leather armour
rPois   inf        Reflect  .   (no helmet)
rElec   +          Harm     .   (no cloak)
rCorr   .          Rampage  .   (no gloves)
Will    .....                   (no boots)
Stlth   +++.......              (no amulet)
HPRegen 0.06/turn               (no ring)
MPRegen 0.08/turn               (no ring)

@: no status effects
A: sickness immunity, AC +2, negative energy resistance 1, electricity
resistance, torment resistance 1, petrification resistance
a: no special abilities


You were on level 4 of the Dungeon.
You visited 1 branch of the dungeon, and saw 2 of its levels.

You collected 21 gold pieces.


Innate Abilities, Weirdness & Mutations

You are immune to sickness and miasma.
Your stone body is resilient. (AC +2)
You are immune to poison.
You resist negative energy. (rN+)
You are resistant to electric shocks. (rElec)
You are resistant to unholy torment.
You are immune to petrification.


   Skills:
 - Level 3.2 Fighting
 + Level 2.5 Axes
 - Level 1.5 Dodging
 - Level 5.4 Stealth


You had one spell level left.
You didn't know any spells.
Your spell library was empty.

Inventory:

Hand Weapons
 a - a +0 hand axe (weapon)
 c - a +0 flail
Armour
 b - a +0 leather armour (worn)
Wands
 g - a wand of digging (3)
Potions
 d - a potion of ambrosia {unknown}
 f - a potion of haste

Dungeon Overview and Level Annotations

Branches:
Dungeon (5/15)
 Temple: D:4-7

Altars:

Annotations:
D:4 Robin


Message History

Robin throws the goblin at you! The goblin hits you but does no damage.
The goblin closely misses you.
You slash the goblin!
You kill the goblin!
You hit the goblin. The goblin hits you but does no damage.
You have reached level 2!
You barely miss the goblin.
The goblin is moderately wounded.
The orc wizard mumbles some strange words.
The orc wizard flickers and vanishes!
Deactivating autopickup; reactivate with Ctrl-A.
Robin roars a battlecry!
The goblin goes into a battle-frenzy!
The goblin hits you with a +0 club.
You closely miss the goblin.
The goblin is moderately wounded.
Robin roars a battlecry!
The goblin goes into a battle-frenzy!
A jelly comes into view.
The goblin closely misses you.
You barely miss the goblin.
The goblin is moderately wounded.
The goblin barely misses you. The goblin hits you but does no damage.
Robin throws the goblin at you!
You slash the goblin!
You kill the goblin!
You completely miss the goblin. The goblin hits you but does no damage.
You hit Robin but do no damage. You hit the goblin. Robin barely misses you.
The goblin barely misses you.
A magic dart appears from out of thin air!
The magic dart hits you.
You barely miss the goblin.
The goblin is severely wounded.
You hit Robin. Robin hits you but does no damage.
The goblin hits you with a +0 club.
A magic dart appears from out of thin air!
The magic dart hits you!
You die...

..[###.# .
#.!#..:. #.#
#..###.#'#.# .
#....#.#...#
#.##....###o.#
........J..#
#.....g#g#
#...)@.{.#
###....g.###
..........# .#
####.####.###
#.# #
#...###.#
###..##.#
###.....###
#.........####
#............#


You could see a jelly, Robin, an orc wizard and 2 goblins.

Vanquished Creatures
  An endoplasm (D:4)
  3 goblins (D:4)
  A hobgoblin (D:4)
  2 ball pythons (D:4)
7 creatures vanquished.

Notes
Turn   | Place    | Note
-------+----------+-------------------------------------------
     0 | D:5      | qw the Gargoyle Delver began the quest for the Orb.
     0 | D:5      | Reached XP level 1. HP: 14/14 MP: 1/1
     0 | D:5      | 0 ||| qw: Version: 0.1-a-117-gfe26ee0
     0 | D:5      | 0 ||| qw: Game counter: 10165
     0 | D:5      | 0 ||| qw: Always use a shield: true
     0 | D:5      | 0 ||| qw: God list: Okawaru
     0 | D:5      | 0 ||| qw: Allow faded altars: false
     0 | D:5      | 0 ||| qw: Do Orc after D:15 true
     0 | D:5      | 0 ||| qw: Do second Lair branch before Depths: true
     0 | D:5      | 0 ||| qw: Lair rune preference: random
     0 | D:5      | 0 ||| qw: Plans: Normal
     0 | D:5      | 0 ||| PLANNING D:1-11
     0 | D:5      | 0 ||| DROPPING scroll of fog.
     1 | D:5      | 1 ||| DROPPING scroll of magic mapping.
     2 | D:5      | 2 ||| DROPPING scroll of fear.
    21 | D:4      | 21 ||| Stepping ~*~*~tactically~*~*~ (stealth).
   101 | D:4      | 101 ||| Stepping ~*~*~tactically~*~*~ (stealth).
   104 | D:4      | 104 ||| Stepping ~*~*~tactically~*~*~ (stealth).
   105 | D:4      | 105 ||| Stepping ~*~*~tactically~*~*~ (stealth).
   107 | D:4      | 107 ||| Stepping ~*~*~tactically~*~*~ (stealth).
   108 | D:4      | 108 ||| Stepping ~*~*~tactically~*~*~ (stealth).
   111 | D:4      | 111 ||| Stepping ~*~*~tactically~*~*~ (stealth).
   115 | D:4      | 115 ||| Stepping ~*~*~tactically~*~*~ (stealth).
   247 | D:4      | Noticed an orc wizard
   249 | D:4      | 249 ||| Stepping randomly (stuck).
   249 | D:4      | Noticed Robin
   252 | D:4      | Noticed an orc wizard
   255 | D:4      | Reached XP level 2. HP: 19/19 MP: 2/2
   260 | D:4      | Killed from afar by an orc wizard

Levels and vault maps discovered:
D:4:      layout_basic, minmay_a_box_with_orc_wizards_in_it, uniq_robin
D:5:      layout_rooms, minmay_temple_entry_overgrown, minmay_misc_feat_plants

Skill      XL: |  1 |
---------------+----+-----
Axes           | 2 |  2.5
Fighting       | |  3.2
Dodging        | |  1.5
Stealth        | |  5.4

Action                   || total
-------------------------++-------
Melee: Hand axe          ||    19
Armor: Leather armour    ||     8
Dodge: Dodged            ||     7

Table legend:
 A = Non-vault XP
 B = Vault XP
 C = Vault XP percentage of total XP
 D = Non-vault monster count
 E = Vault monster count
 F = Vault count percentage of total count
                 A         B        C        D         E       F
            +---------+---------+-------+---------+---------+-------
      Total |       8 |       4 |  33.3 |       5 |       2 |  28.6
            +---------+---------+-------+---------+---------+-------
        D:4 |       8 |       4 |  33.3 |       5 |       2 |  28.6
            +---------+---------+-------+---------+---------+-------
